 Dungeon Crawl Stone Soup version 0.30-a0-694-g3340775977 (webtiles) character file.

Game seed: 10903076052445737027

70 M4edhros the Caller (level 4, -1/29 HPs)
             Began as an Octopode Wanderer on Jan 20, 2023.
             Slain by an ufetubus (5 damage)
             ... on level 5 of the Dungeon.
             The game lasted 00:01:58 (776 turns).

M4edhros the Caller (Octopode Wanderer)              Turns: 776, Time: 00:01:58

Health: -1/29      AC:  1    Str:  7    XL:     4   Next: 22%
Magic:  12/15      EV: 13    Int: 17    God:
Gold:   16         SH:  0    Dex: 14    Spells: 2/6 levels left

rFire   . . .      SeeInvis .    a - +0 dagger
rCold   . . .      Faith    .    (no shield)
rNeg    . . .      Spirit   .    (helmet restricted)
rPois   .          Reflect  .    (no amulet)
rElec   .          Harm     .    j - ring of magical power
rCorr   .          Rampage  .    (no ring)
Will    .....                    (no ring)
Stlth   ++                       (no ring)
HPRegen 0.24/turn                (no ring)
MPRegen 0.14/turn                (no ring)
                                 (no ring)
                                 (no ring)

@: no status effects
A: almost no armour, amphibious, 8 rings, camouflage 1, gelatinous body 1,
(nimble swimmer 1), tentacles
a: no special abilities


You were on level 5 of the Dungeon.
You visited 1 branch of the dungeon, and saw 5 of its levels.

You collected 16 gold pieces.

Inventory:

Hand Weapons
 a - a +0 dagger (weapon)
Missiles
 n - 8 poisoned darts
Jewellery
 j - a ring of magical power (left tentacle)
Wands
 b - a wand of polymorph (7)
 m - a wand of charming (6)
Scrolls
 c - a scroll of vulnerability
 e - a scroll of butterflies {unknown}
 g - 2 scrolls of immolation {unknown}
 h - a scroll of identify {unknown}
 i - a scroll of torment {unknown}
 k - a scroll of acquirement {unknown}
 l - a scroll of teleportation {unknown}
Potions
 d - a potion of curing
 f - a potion of flight {unknown}


   Skills:
 + Level 1.7 Fighting
 - Level 1.0 Throwing
 * Level 2.0 Dodging
 + Level 1.5 Spellcasting
 * Level 4.6 Summonings
 - Level 3.2 Evocations


You had 2 spell levels left.
You knew the following spells:

 Your Spells              Type           Power      Damage    Failure   Level
a - Summon Small Mammal   Summ           68%        N/A       3%          1
b - Call Canine Familiar  Summ           17%        N/A       9%          3

Your spell library contained the following spells:

 Spells                   Type           Power      Damage    Failure   Level
 Call Imp                 Summ           17%        N/A       4%          2
 Kiss of Death            Conj/Necr      4%         2d5       21%         1
 Confusing Touch          Hex            1%         N/A       52%         3
 Dispel Undead            Necr           1%         3d6       90%         4


Dungeon Overview and Level Annotations

Branches:
Dungeon (5/15)
 Temple: D:4-7

Altars:


Innate Abilities, Weirdness & Mutations

You cannot wear most types of armour.
You are amphibious.
You can wear up to eight rings at the same time.
Your skin changes colour to match your surroundings (Stealth+).
Your rubbery body absorbs attacks. (AC +1, EV +1)
((You are camouflaged when in or above water. (Stealth+)))
You have tentacles for arms and can constrict up to eight enemies at once.


Message History

The ufetubus closely misses you. The ufetubus hits you.
You hit the ufetubus. Your grab misses the ufetubus.
Your squeeze misses the ufetubus.
The ufetubus is lightly wounded.
Your hound bites the ufetubus.
The ufetubus barely misses you. x2
You completely miss the ufetubus. Your grab misses the ufetubus.
The ufetubus is heavily wounded.
Your hound bites the ufetubus.
The ufetubus hits you. x2
Your hound misses the ufetubus. The ufetubus misses you. The ufetubus hits you.
You hit the ufetubus but do no damage. Your grab misses the ufetubus.
The ufetubus is heavily wounded.
Your hound barely misses the ufetubus.
The ufetubus hits you. The ufetubus barely misses you.
You are too injured to fight recklessly!
You are too injured to fight recklessly!
You miss the ufetubus. Your grab misses the ufetubus.
The ufetubus is heavily wounded.
Your hound misses the ufetubus. The ufetubus hits you.
The ufetubus closely misses you.
Your hound closely misses the ufetubus.
The ufetubus hits you.
* * * LOW HITPOINT WARNING * * *
The ufetubus barely misses you.
Unknown command.
Your hound closely misses the ufetubus.
The ufetubus closely misses your hound.
The ufetubus hits your hound but does no damage.
Your hound misses the ufetubus. The ufetubus barely misses your hound.
The ufetubus misses your hound. The ufetubus hits your hound.
The ufetubus hits your hound but does no damage.
Your hound bites the ufetubus.
Your hound barely misses the ufetubus.
The ufetubus hits your hound but does no damage.
The ufetubus hits your hound.
Your hound disappears in a puff of smoke!
Casting: Call Canine Familiar (quite dangerous; 9% risk of failure)
Confirm with . or Enter, or press ? or * to list all spells.
The spell is quite dangerous to miscast (9% risk of failure)!
Continue anyway?
The ufetubus attacks as you move away! The ufetubus hits you.
* * * LOW HITPOINT WARNING * * *
The ufetubus hits you.
You die...

#### ..# # #
###.####.#
#.#........# ########
#.#@5......#
##......##
#....h.###.#
........># ###.##.#
##.......# #.##.#
#.......## #.##..
##.##....######.##..#
#.##...........##...
#.##.....#########..#
#.##....... ..#


You could see an ufetubus (ally target) and a friendly hound (summoned).

Vanquished Creatures
  An iguana (D:5)
  2 adders
  An ufetubus (D:4)
  A dart slug (D:3)
  An orc (D:3)
  3 endoplasms
  A giant cockroach (D:3)
  2 goblins (D:3)
  A hobgoblin (D:2)
  4 ball pythons
  A bat (D:1)
  3 kobolds
21 creatures vanquished.

Notes
Turn   | Place    | Note
-------+----------+-------------------------------------------
     0 | D:1      | M4edhros the Octopode Wanderer began the quest for the Orb.
     0 | D:1      | M4edhros set off with the following items: a +0 dagger, a
                  | wand of polymorph (7), a scroll of vulnerability, a potion
                  | of curing; and the following spell memorised: Summon Small
                  | Mammal; and the following spells available to memorise:
                  | Call Imp, Call Canine Familiar.
     0 | D:1      | Reached XP level 1. HP: 13/13 MP: 2/2
   296 | D:1      | Reached XP level 2. HP: 15/18 MP: 3/3
   469 | D:3      | Reached skill level 1 in Dodging
   611 | D:3      | Reached XP level 3. HP: 9/23 MP: 4/4
   722 | D:5      | Entered Level 5 of the Dungeon
   728 | D:5      | Reached XP level 4. HP: 28/29 MP: 6/6
   732 | D:5      | Learned a level 3 spell: Call Canine Familiar
   776 | D:5      | Slain by an ufetubus

Illustrated notes

Levels and vault maps discovered:
D:1:      dpeg_arrival_round_b, layout_loops_cross, serial_shops, shop
D:2:      layout_basic, serial_shops, shop
D:3:      minmay_general_purpose_star, layout_basic, lemuel_round_altar,
          uniq_sigmund
D:4:      layout_basic, serial_shops, kennysheep_little_box
D:5:      layout_basic, minmay_temple_entry_overgrown

Skill      XL: |  1  2  3  4 |
---------------+-------------+-----
Dodging        | 1 2 |  2.0
Fighting       | |  1.7
Throwing       | |  1.0
Spellcasting   | |  1.5
Summonings     | |  4.6
Evocations     | |  3.2

Action                   |  1- 3 |  4- 6 || total
-------------------------+-------+-------++-------
Melee: Dagger            |    53 |     5 ||    58
       Tentacles         |    13 |       ||    13
       Constrict         |    11 |       ||    11
 Cast: Call Canine Famil |       |     2 ||     2
 Stab: Sleeping          |     6 |       ||     6
       Distracted        |       |     1 ||     1
Armor: Skin              |     2 |       ||     2
Dodge: Dodged            |    32 |     7 ||    39

Table legend: (Time is in decaauts)
 A = Elapsed time spent in this place.
 B = Non-inter-level travel time spent in this place.
 C = Inter-level travel time spent in this place.
 D = Time resting spent in this place.
 E = Time spent auto-exploring this place.
 F = Levels seen in this place.
 G = Mean time per level.
                   A        B        C        D        E       F      G
               +--------+--------+--------+--------+--------+-----+--------+
         Total |    774 |    767 |      7 |      3 |    562 |   5 |  154.8 |
       Dungeon |    774 |    767 |      7 |      3 |    562 |   5 |  154.8 |
               +--------+--------+--------+--------+--------+-----+--------+

Top non-repeatable levels by time:
     D:1: 397 daAuts
     D:3: 235 daAuts
     D:2: 58 daAuts
     D:5: 53 daAuts
     D:4: 28 daAuts
